[Event "45th FIDE Womens Olympiad 2024"]
[Site "Budapest"]
[Date "2024.09.15"]
[Round "5.113"]
[White "Zhang, Jilin"]
[Black "Mayorga Araya, Sofia"]
[Result "1/2-1/2"]
[ECO "B92"]
[WhiteElo "2155"]
[BlackElo "2059"]
[Annotator "TA"]
[PlyCount "117"]
[EventDate "2024.09.05"]
[EventType "team-tourn"]
[EventCountry "HUN"]
[SourceTitle "playchess.com"]
[Source "ChessBase"]
[SourceQuality "1"]
[WhiteTeam "Australia"]
[BlackTeam "Costa Rica"]
[WhiteTeamCountry "AUS"]
[BlackTeamCountry "CRI"]
[TimeControl "40/5400+30:1800+30"]

1. e4 c5 2. Nf3 d6 3. d4 cxd4 4. Nxd4 Nf6 5. Nc3 a6 6. Be2 e5 7. Nb3 Be7 8. O-O Be6 9. Be3 O-O 10. Re1 {B92: Sicilian Najdorf: 6 Be2.} Nbd7 11. a4 Rc8 12. Bf3 Qc7 {was the old line (12...Nb6).} 13. a5 Rfd8 14. Nd2 h6 15. Nf1 Nc5 16. Nd5 $146 ({Predecessor:} 16. Ng3 Bf8 17. Qd2 Qb8 18. Nd5 Bxd5 19. exd5 Kh7 20. h4 g6 21. h5 Bg7 22. Rac1 {1-0 Alekseev,E (2632)-Magalashvili,D (2448) Wch U20 Istanbul 2005 (4)}) 16... Nxd5 17. exd5 Bf5 18. Ng3 Bh7 19. Bg4 Rb8 20. b3 Rf8 21. Nf5 Bf6 22. b4 Nd7 23. Rc1 b6 ({Black should try} 23... Bg5) 24. axb6 $1 $16 Nxb6 {[#]} 25. c4 $1 Rfd8 {[#]} (25... Nxc4 26. Qb3 Nxe3 27. Rxc7) 26. Qf3 (26. c5 $1 $18 {[%cal Rc5b6] is more deadly.} Nc8 27. Qd2 Bxf5 28. Bxf5) 26... e4 $2 (26... Bxf5 $16 {keeps fighting.} 27. Bxf5 Nc8 (27... Nxc4 $2 28. Bd3 $18)) 27. Qxe4 Re8 $2 (27... Nd7) 28. Qf3 $2 (28. Bxb6 Rxe4 29. Bxc7) 28... Nd7 $2 ({But not} 28... Bxf5 29. Bxf5 Bb2 (29... Nxc4 $2 30. Bd3 $18) 30. Rc2 (30. c5 Bxc1 31. Rxc1 Re5 $14) (30. c5 Bxc1 31. Rxc1 Re5 $16)) (28... Bb2) 29. Nxh6+ $18 Kf8 30. Qh3 Ne5 31. Bf5 Bg6 32. Bxg6 fxg6 33. Ng4 Nxg4 34. Qxg4 Rxb4 35. Qxg6 Rxc4 36. Bg5 (36. Qxe8+ $142 Kxe8 37. Bb6+ Kd7 38. Bxc7 Rxc7 39. Rxc7+ Kxc7 40. Rc1+ Kb6 41. Rc6+ Kb5 42. Rxd6) 36... Rxe1+ $18 37. Rxe1 Qf7 $2 (37... Be5 38. h4 Qf7) 38. Qxf7+ $2 (38. Qh7 $18 {is the precise move to win.} Be5 (38... Bxg5 $2 {is the wrong capture.} 39. Qh8+ Qg8 40. Re8+ Kxe8 41. Qxg8+ Kd7 42. Qxg7+ Be7 43. g3 $18) 39. f4 Rxf4 40. Qh8+ Qg8 41. Qxg8+ Kxg8 42. Bxf4 Bxf4 43. Ra1) 38... Kxf7 $16 39. Bxf6 gxf6 40. g3 Rc5 41. Rd1 a5 42. Rd4 Kg6 43. g4 (43. Kf1 $14) 43... Rb5 $11 44. Kf1 Kg5 45. h3 Rb3 46. Ra4 Rb5 47. Kg2 Rxd5 48. Kg3 Rb5 49. h4+ Kg6 50. Rc4 f5 51. Rc6 fxg4 52. Kxg4 Rd5 53. Ra6 Kh6 54. f4 Kg6 55. Ra8 Kh6 56. Rh8+ Kg7 57. Ra8 Kh6 58. Rh8+ Kg7 59. Ra8 1/2-1/2

[Event "45th FIDE Womens Olympiad 2024"]
[Site "Budapest"]
[Date "2024.09.15"]
[Round "5.114"]
[White "Acevedo Mendez, Jennifer"]
[Black "Nguyen, Thu Giang"]
[Result "1/2-1/2"]
[ECO "B12"]
[WhiteElo "1836"]
[BlackElo "2068"]
[Annotator "TA"]
[PlyCount "111"]
[EventDate "2024.09.05"]
[EventType "team-tourn"]
[EventCountry "HUN"]
[SourceTitle "playchess.com"]
[Source "ChessBase"]
[SourceQuality "1"]
[WhiteTeam "Costa Rica"]
[BlackTeam "Australia"]
[WhiteTeamCountry "CRI"]
[BlackTeamCountry "AUS"]
[TimeControl "40/5400+30:1800+30"]

1. e4 c6 2. d4 d5 3. e5 c5 4. c3 cxd4 5. cxd4 Nc6 6. Be2 Bf5 7. Nc3 e6 8. a3 {The position is equal.} Qb6 9. Nf3 Bg4 10. Na4 Qc7 11. O-O Nge7 12. Bf4 (12. b4 $14) 12... Bxf3 13. Bxf3 Nf5 14. Rc1 Rc8 15. Be3 Be7 16. Qd2 O-O 17. b4 b5 (17... Qd7 $11 {is more appropriate.}) 18. Nc5 $14 a5 19. Be2 axb4 20. axb4 Nxe3 (20... h6 $16) 21. fxe3 $18 Bg5 22. Bxb5 Qe7 23. Bxc6 Rxc6 24. Qd3 Rb6 25. b5 {White is more active.} f6 {Black is weak on the light squares} 26. exf6 gxf6 (26... Bxf6 {keeps fighting.} 27. h3 Qe8) 27. Ra1 e5 (27... Rfb8 {was called for.} 28. Na6 Rc8) 28. Qb3 (28. Kh1 $18 {is more deadly.}) 28... exd4 $16 29. Qxd5+ Qf7 30. Qxd4 Rxb5 31. Ne4 (31. Ra6 $16) 31... Qe6 32. Nxg5 (32. Ra7 {looks sharper.} Re8 33. Rc1 Qb6 34. Nxg5 Qxd4 35. exd4 fxg5 36. Rcc7) 32... Rxg5 33. Rf4 Rg6 34. Qc4 Qxc4 35. Rxc4 $14 {[%mdl 4096] Endgame. KRR-KRR} Rf7 36. Kf2 Re7 37. Kf3 Kg7 38. Rac1 Re5 (38... Rg5 $14) 39. Rf4 Re7 40. Rc6 Kf7 41. h4 Rh6 (41... h5 $16 {was worth a try.}) 42. g3 $18 Kg7 43. Rfc4 $2 {[#]} (43. Rf5 $18 {and the rest is easy.}) 43... Rh5 $16 44. Rc7 Rhe5 45. Rxe7+ Rxe7 {KR-KR} 46. Kf4 h5 47. e4 Re5 48. Rd4 {[#] And now Rd5 would win.} Kg6 49. Rd5 Re8 50. Rb5 Re7 51. Rb8 Re5 52. Rg8+ Kf7 $2 (52... Kh6 $14) 53. Rd8 $2 (53. Rg5 $1 $18 Re6 54. Rxh5) 53... Kg6 $14 54. Rg8+ $2 (54. Rh8 $14) 54... Kf7 $1 $18 55. Rd8 ({White has to play} 55. Rg5 $1 $18 Re6 56. Rxh5) 55... Kg6 $1 $14 56. Rg8+ {Weighted Error Value: White=0.43/Black=0.31.  Loses game:     	---       	Black=1      Missed win:     	White=3     	---        Mistake:       	White=5     	Black=6      Inaccurate:     	White=3     	Black=8      OK:         	White=16    	Black=19     Best:        	White=2     	Black=1      Strong:       	---       	Black=2} (56. Ra8 $14) 1/2-1/2

[Event "45th FIDE Womens Olympiad 2024"]
[Site "Budapest"]
[Date "2024.09.15"]
[Round "5.115"]
[White "Shen, Zhiyuan"]
[Black "Bogantes Robleto, Karina"]
[Result "1/2-1/2"]
[ECO "B35"]
[WhiteElo "1969"]
[BlackElo "1766"]
[Annotator "NA RC"]
[PlyCount "85"]
[EventDate "2024.09.05"]
[EventType "team-tourn"]
[EventCountry "HUN"]
[SourceTitle "playchess.com"]
[Source "ChessBase"]
[SourceQuality "1"]
[WhiteTeam "Australia"]
[BlackTeam "Costa Rica"]
[WhiteTeamCountry "AUS"]
[BlackTeamCountry "CRI"]
[TimeControl "40/5400+30:1800+30"]

1. e4 c5 2. Nf3 Nc6 3. d4 cxd4 4. Nxd4 g6 5. Nc3 Bg7 6. Be3 Nf6 7. Bc4 Qa5 8. O-O O-O 9. Bb3 d6 10. h3 Bd7 11. Nde2 Rac8 12. f4 a6 13. Ng3 b5 14. Nd5 Nxd5 15. exd5 Nd8 16. Bd4 Bxd4+ 17. Qxd4 Qc7 18. Rae1 Re8 19. f5 Qc5 20. Qxc5 dxc5 21. c3 Nb7 22. Re2 Nd6 23. fxg6 hxg6 24. Ne4 Nxe4 25. Rxe4 Bf5 26. Ref4 c4 27. Bd1 Bd3 28. R1f2 f5 29. Bf3 Rcd8 30. Rd4 Rd6 31. g4 Kg7 32. gxf5 Bxf5 33. Kg2 e5 34. dxe6 Rdxe6 35. Rfd2 Re3 36. h4 Bd3 37. Rf2 R8e7 38. Rd6 R3e6 39. Rd4 Be4 40. Rfd2 Bxf3+ 41. Kxf3 Re3+ 42. Kf2 R3e6 43. Rd7 1/2-1/2

[Event "45th FIDE Womens Olympiad 2024"]
[Site "Budapest"]
[Date "2024.09.15"]
[Round "5.116"]
[White "Canales Chinchilla, Victoria"]
[Black "Vincent, Alaina"]
[Result "0-1"]
[ECO "B42"]
[WhiteElo "1825"]
[BlackElo "1976"]
[Annotator "TA"]
[PlyCount "124"]
[EventDate "2024.09.05"]
[EventType "team-tourn"]
[EventCountry "HUN"]
[SourceTitle "playchess.com"]
[Source "ChessBase"]
[SourceQuality "1"]
[WhiteTeam "Costa Rica"]
[BlackTeam "Australia"]
[WhiteTeamCountry "CRI"]
[BlackTeamCountry "AUS"]
[TimeControl "40/5400+30:1800+30"]

1. e4 c5 2. Nf3 e6 3. d4 cxd4 4. Nxd4 a6 5. Bd3 b5 6. O-O Bb7 7. Be3 Qc7 8. Nd2 Nf6 9. Rc1 d6 (9... Bc5 $14) 10. c4 b4 11. Qa4+ Nbd7 12. Qxb4 (12. f3 $16) 12... Nc5 (12... Ng4 $1 $11 13. Qc3 Nxe3 14. fxe3 Be7) 13. Qc3 $16 Ncxe4 14. Nxe4 Bxe4 (14... Nxe4 $14 15. Bxe4 Bxe4) 15. Bxe4 Nxe4 16. Qc2 Nf6 17. h3 ({White should try} 17. Qa4+ $16 Qd7 18. Nb5) 17... Be7 $14 18. b4 O-O 19. Rfd1 Rfc8 20. Qd3 h6 (20... Qb7 $14) 21. Rc2 (21. b5 $1 $16) 21... Qb7 22. a3 Rc7 23. Rdc1 Rac8 24. f3 Nd7 25. Nb3 Bf8 26. Bf4 e5 27. Be3 d5 {[#]} 28. Na5 $1 $16 (28. Qxd5 $2 Qxd5 29. cxd5 Rxc2 $19) (28. cxd5 Rxc2 29. Rxc2 Rxc2 30. Qxc2 Qxd5) 28... Qa8 {[#]} 29. c5 $1 (29. Qxd5 $2 Qxd5 30. cxd5 Rxc2 $19) (29. cxd5 Rxc2 30. Rxc2 Rxc2 31. Qxc2 Qxd5 $14) 29... d4 30. Bf2 Be7 31. c6 Nb8 (31... Nf8 $16 {is a better defense.}) 32. Qe4 $2 (32. h4 $18) 32... Bg5 $11 33. Rd1 {[%cal Oh3h4] Strongly threatening h4!} Nxc6 34. Nxc6 (34. Re1 $11) 34... Rxc6 $17 35. Rxc6 Qxc6 36. Qxe5 Bf6 ({Better is} 36... Qc2 $17 37. Qxd4 (37. Rxd4 $2 {too greedy.} Bf6 $19) 37... Rd8 38. Qxd8+ Bxd8 39. Rxd8+ Kh7) 37. Qf5 Rd8 38. g3 g6 39. Qd3 Bg7 40. Rd2 Qe6 41. Kg2 Qd6 42. Rc2 Qd5 43. Rc5 Qa2 44. Rc2 (44. Qxa6 $2 {perishes.} d3 45. Rc1 Bd4 $19) 44... Qe6 45. Re2 Qd5 46. Rd2 Qc6 47. Rc2 Qb5 48. Rd2 Qa4 49. Rc2 Qb5 50. Rd2 Qb7 51. Qe2 Kh7 52. Rd3 Qb5 53. Qd2 Re8 54. Kg1 (54. Bxd4 $11 Bxd4 55. a4 Qxa4 56. Rxd4) 54... Rc8 {Black is more active.} (54... Bf6 $15 55. h4 (55. Bxd4 $2 {is the wrong capture.} Rd8 $19) 55... Rd8) 55. Bxd4 $11 Bxd4+ 56. Rxd4 {[%mdl 4096] Endgame. KQR-KQR} Qf5 {[%csl LRf3,LRh3] Hoping for ...Qb1+.} 57. Qf2 (57. Qf4 $1 $11 {keeps the balance.} Qe6 58. Re4) 57... Qxh3 $17 58. Rd1 {Wards off Rc1} (58. Re4 $17) 58... Rc3 $36 {[%mdl 2048] Black has strong initiative.} 59. Ra1 Qf5 60. f4 (60. Rf1 $17) 60... Qd3 $2 (60... Qh3 61. Qh2 Rxg3+ (61... Qxg3+ $2 62. Qxg3 Rxg3+ 63. Kf2 $19) 62. Kh1 Qg4 (62... Rxa3 $2 63. Rxa3 Qxa3 64. Qd2 $19)) 61. g4 (61. Rf1) 61... Rc2 62. Qe1 Qf3 {[%csl LRf4,LRg4] What a bad dream for White.   Weighted Error Value: White=0.56/Black=0.32.  Loses game:     	White=1     	---        Missed win:     	White=1     	---        Mistake:       	White=8     	Black=9      Inaccurate:     	White=2     	Black=3      OK:         	White=15    	Black=14     Best:        	White=1     	Black=5      Strong:       	White=2     	---} 0-1

[Event "45th FIDE Womens Olympiad 2024"]
[Site "Budapest"]
[Date "2024.09.15"]
[Round "5.117"]
[White "Goossens, Hanne"]
[Black "February, Jesse Nikki"]
[Result "0-1"]
[ECO "C01"]
[WhiteElo "2189"]
[BlackElo "2013"]
[Annotator "TA"]
[PlyCount "60"]
[EventDate "2024.09.05"]
[EventType "team-tourn"]
[EventCountry "HUN"]
[SourceTitle "playchess.com"]
[Source "ChessBase"]
[SourceQuality "1"]
[WhiteTeam "Belgium"]
[BlackTeam "South Africa"]
[WhiteTeamCountry "BEL"]
[BlackTeamCountry "RSA"]
[TimeControl "40/5400+30:1800+30"]

1. e4 e6 2. d4 d5 3. exd5 exd5 4. Nf3 Bd6 5. c4 Nf6 6. c5 Be7 7. Bd3 O-O 8. O-O b6 9. Be3 Bg4 {The position is equal.} 10. Nbd2 $1 bxc5 11. dxc5 Nc6 12. Qa4 Bd7 13. Qd1 (13. Bb5 $14 Qe8 14. Bxc6 Bxc6 15. Qa5) 13... Rb8 $11 14. a3 (14. Nb3 $11) 14... a5 (14... Rxb2 $15 15. h3 Re8) 15. Qc2 h6 16. h3 Qc8 17. Rab1 Be6 (17... Nh5 $11) 18. Nb3 $2 {[#]} (18. Nd4 $16 {and life is bright.} Nxd4 19. Bxd4) 18... Rxb3 $1 $17 19. Qxb3 {[#] Hoping for Qa4.} d4 $1 20. Qc2 {Loses the game.} (20. Qb5 $17 dxe3 21. Qxc6) (20. Qa4 dxe3) 20... dxe3 $19 21. fxe3 Rd8 22. Rbc1 Qb7 23. Qe2 Rb8 24. Rc2 Bb3 25. Rcc1 Bd5 26. e4 Be6 {A strong pair of Bishops.} 27. Rc2 Nd7 28. Qf2 Qb3 29. Nd4 $2 (29. Ba6) 29... Nxd4 30. Qxd4 {[#]} Qxc2 $3 {[%mdl 512] Weighted Error Value: White=0.51/Black=0.15 (very precise) .  Mistake:       	White=5     	Black=2      Inaccurate:     	White=2     	Black=3      OK:         	White=9     	Black=9      Best:        	---       	Black=2      Strong:       	White=1     	---        Brilliant:      	---       	Black=2} 0-1

[Event "45th FIDE Womens Olympiad 2024"]
[Site "Budapest"]
[Date "2024.09.15"]
[Round "5.118"]
[White "Badenhorst, Chloe"]
[Black "Vanduyfhuys, Daria"]
[Result "0-1"]
[ECO "D02"]
[WhiteElo "1981"]
[BlackElo "2112"]
[Annotator "TA"]
[PlyCount "74"]
[EventDate "2024.09.05"]
[EventType "team-tourn"]
[EventCountry "HUN"]
[SourceTitle "playchess.com"]
[Source "ChessBase"]
[SourceQuality "1"]
[WhiteTeam "South Africa"]
[BlackTeam "Belgium"]
[WhiteTeamCountry "RSA"]
[BlackTeamCountry "BEL"]
[TimeControl "40/5400+30:1800+30"]

1. d4 Nf6 2. Nf3 e6 3. Bf4 d5 4. e3 c5 5. Nbd2 Nc6 6. c3 Bd6 7. Bg3 O-O 8. Bd3 b6 9. e4 {Strongly threatening e5.} dxe4 (9... Be7 $11 {keeps the balance.}) 10. Nxe4 $16 Nxe4 11. Bxe4 {White is slightly better.} Bb7 12. Qa4 Rc8 13. dxc5 Bxg3 14. hxg3 f5 15. Bc2 bxc5 (15... Na5 $142) 16. Rd1 (16. Bb3 $142 Kh8 17. Rd1 (17. Bxe6 Re8 $19)) 16... Qe7 17. O-O e5 18. Bb3+ Kh8 19. Nd2 Ba8 20. Nc4 Rcd8 {[#]} (20... e4 $14) 21. Ne3 ({White should play} 21. Rxd8 $1 $16 Rxd8 22. Ne3) 21... f4 $14 22. Nd5 (22. Rxd8 {simplifies} Qxd8 23. Nc4 Qe7 24. Nd2) 22... Qg5 23. Qe4 Ne7 $2 (23... Na5 $11 {and Black stays safe.}) 24. gxf4 $18 Qh4 25. Qxe5 Nxd5 26. Bxd5 Rfe8 (26... Rde8 {keeps fighting.} 27. Qg5 Qxf4 28. Qxf4 Rxf4) 27. Qf5 $4 (27. Be6 $18 {was the only winning move.}) 27... g6 $19 28. Qf7 (28. Qc2 {was called for.} Bxd5 (28... Rxd5 $2 29. Rxd5 Bxd5 30. c4 $19) 29. c4) 28... Re7 29. g3 Rxf7 30. gxh4 Rxd5 (30... Bxd5 31. c4 $11) 31. Rde1 Bc6 {Repels Re8+} 32. Re6 Bb5 33. Rfe1 Rxf4 {Threatens to win with ...Rg4+.} 34. Re7 {[#]} (34. R6e4 $19 Rxe4 35. Rxe4) 34... Rg4+ 35. Kh2 Rh5 36. R1e3 Bf1 (36... Bc6 $142 37. Rh3 Rg2+ (37... Rgxh4 $2 38. Rxh4 Rxh4+ 39. Kg3 $19) 38. Kh1 Rxf2+ 39. Kg1 Rhf5 (39... Rxb2 $2 40. Rd3 $19) 40. Rf3 R2xf3 41. Re2 Rh3 42. Rg2 Bxg2 43. Kxg2 Rhf3 (43... Rxh4 {leads to mate.} 44. a3 Rg4+ 45. Kh3 Rfg5 46. c4 Rg3+ 47. Kh2 Rb3 48. a4 a5 49. Kh1 Rh3#) 44. Kg1 Rf2 45. b4 Rxa2 (45... Rf1+ {is a self mate.} 46. Kh2 h5 47. bxc5 R1f2+ 48. Kg1 Rb2 49. c4 Rf4 50. a4 Rxc4 51. Kh1 Rc1#) 46. c4 Rf3 (46... cxb4 {gets mated.} 47. h5 gxh5 48. c5 Rxc5 49. Kh1 Rc1#) (46... Ra1+ 47. Kg2 Ra2+ 48. Kg3 h5 49. bxc5 Raf2 50. Kh3 R5f3#) 47. bxc5 Rc3 48. Kh1 Rc1#) 37. Rg3 Rgxh4+ {Weighted Error Value: White=0.79/Black=0.44.  Loses game:     	---       	Black=1      Missed win:     	White=1     	---        Mistake:       	White=4     	Black=4      Inaccurate:     	White=3     	---        OK:         	White=6     	Black=7      Best:        	White=1     	Black=7} 0-1

[Event "45th FIDE Womens Olympiad 2024"]
[Site "Budapest"]
[Date "2024.09.15"]
[Round "5.119"]
[White "De Rycke, Tyani"]
[Black "Nel, Hayley"]
[Result "1-0"]
[ECO "B17"]
[WhiteElo "2110"]
[BlackElo "1753"]
[Annotator "TA"]
[PlyCount "83"]
[EventDate "2024.09.05"]
[EventType "team-tourn"]
[EventCountry "HUN"]
[SourceTitle "playchess.com"]
[Source "ChessBase"]
[SourceQuality "1"]
[WhiteTeam "Belgium"]
[BlackTeam "South Africa"]
[WhiteTeamCountry "BEL"]
[BlackTeamCountry "RSA"]
[TimeControl "40/5400+30:1800+30"]

1. e4 c6 2. d4 d5 3. Nc3 dxe4 4. Nxe4 Nd7 5. Bd3 Ngf6 6. Nxf6+ Nxf6 7. Ne2 Bf5 8. O-O {The position is equal.} (8. Bxf5 $5 Qa5+ $8 9. c3 Qxf5 10. O-O $11) 8... Bxd3 9. Qxd3 g6 10. Bf4 Bg7 11. Rad1 O-O 12. c4 Qa5 13. Be5 b5 14. a3 Rfd8 15. Rc1 Nd7 16. Bxg7 Kxg7 17. Qe4 {Prevents Ne5.} Nb6 18. cxb5 (18. Qxe7 $2 Re8 (18... bxc4 19. Rc2 $11) 19. Qb7 Rab8 (19... Rxe2 20. c5 $15) (19... bxc4 20. Nc3 $15) (19... Nxc4 20. Rc2 $15) 20. Qxc6 (20. Qc7 $2 Rbc8 $19) 20... Rxe2 $19) 18... cxb5 19. Qe5+ (19. Qxe7 $2 Re8 20. Qb7 (20. b4 $2 Qxa3 21. Qg5 Rxe2 $19) 20... Rxe2 $19) 19... Kg8 20. Nc3 (20. Qxe7 $2 Re8 21. Qg5 (21. b4 $2 Qxa3 22. Qg5 Rxe2 $19) 21... Rxe2 $19) 20... Nc4 21. Qxe7 {Hoping for Ne4.} Rxd4 22. Qc5 $36 {[%csl LRb5,LRd4][%mdl 2048] White has the initiative.} Rdd8 (22... Qb6 $14 23. Qxb6 (23. Qxb5 Nxb2 24. Qxb6 axb6 $11) 23... Nxb6) 23. b4 ({Much weaker is} 23. Qxb5 $6 Qxb5 24. Nxb5 Nxb2 $11) ({Don't play} 23. Nxb5 $6 Nxb2 24. Qb4 Qxb4 25. axb4 Nd3 $11) 23... Qb6 {Threatens to win with ...Qxc5.} 24. Nxb5 Nd6 25. Nxd6 Rxd6 26. g3 (26. Rfe1 $16) 26... Rd3 $1 $11 27. a4 (27. Qxb6 {simplifies} axb6 28. Rfd1 Rdxa3 29. Kg2) 27... Qb7 {Against Qe7. White stays focused until the end.} (27... Rd4 $1 $11 {keeps the balance.}) 28. Rfd1 $16 Rxd1+ 29. Rxd1 {[%mdl 4096] Endgame. KQR-KQR} Rc8 30. Qd4 Qf3 31. Qd3 Qg4 {[#]} 32. Qd7 $1 Qc4 (32... Qxd7 $142 33. Rxd7 Rc4) 33. Rd4 (33. Qxa7 Qxb4 34. Qd7 Rb8 $16) 33... Qc1+ 34. Kg2 Qc3 35. b5 ({Worse is} 35. Qxa7 Qc6+ 36. Kh3 Qe6+ 37. Kg2 Qc6+ 38. Kh3 Qe6+ 39. Kg2 Qc6+ $11) 35... Qc7 36. a5 Qb8 {[#]} (36... Kg7 37. a6 Qb8) 37. b6 $1 $18 axb6 38. axb6 {Threatening mate with b7.} Kg7 39. Rf4 Rf8 40. b7 Qd8 {[#]} 41. Rxf7+ Kh6 (41... Rxf7 42. Qxd8) 42. Qh3+ {Weighted Error Value: White=0.08 (flawless) /Black=0.44.  Mistake:       	White=1     	Black=4      Inaccurate:     	White=1     	Black=3      OK:         	White=11    	Black=9      Best:        	White=1     	Black=1      Strong:       	---       	Black=1      Brilliant:      	White=1     	---} 1-0

[Event "45th FIDE Womens Olympiad 2024"]
[Site "Budapest"]
[Date "2024.09.15"]
[Round "5.120"]
[White "Strong, Davida"]
[Black "Musabayeva, Diana"]
[Result "0-1"]
[ECO "E35"]
[WhiteElo "1733"]
[BlackElo "1911"]
[Annotator "TA"]
[PlyCount "36"]
[EventDate "2024.09.05"]
[EventType "team-tourn"]
[EventCountry "HUN"]
[SourceTitle "playchess.com"]
[Source "ChessBase"]
[SourceQuality "1"]
[WhiteTeam "South Africa"]
[BlackTeam "Belgium"]
[WhiteTeamCountry "RSA"]
[BlackTeamCountry "BEL"]
[TimeControl "40/5400+30:1800+30"]

1. d4 Nf6 2. c4 e6 3. Nc3 Bb4 4. Qc2 d5 5. cxd5 exd5 6. Bf4 c6 7. e3 O-O 8. Bd3 {White has an edge.} Re8 (8... c5 $5) 9. Nf3 Nbd7 10. a3 Be7 11. Ng5 h6 (11... g6 {simplifies} 12. Nf3 Nf8 13. h3 Ne6) 12. Bh7+ (12. Nf3 $5) 12... Kf8 13. Nxf7 Kxf7 14. Qg6+ Ke6 $2 {[#]} (14... Kf8 $11 15. Bxh6 gxh6 16. Qxh6+ Kf7 17. Qg6+ Kf8 (17... Ke6 18. Qf5+ Kf7 19. Qg6+ Kf8 20. Qh6+ Kf7 21. Qg6+ $11) 18. Qh6+ Kf7 19. Qg6+ Ke6 20. Qf5+ Kf7 21. Qg6+) 15. Bg3 $2 (15. Qxg7 Nxh7 16. Qxh7 Nf6 $17) ({White must play} 15. e4 $1 $18 Bd6 16. e5 Nxe5 17. dxe5 (17. Bxe5 Kd7 $11) 17... Bxe5 18. Bxe5 Kxe5 19. O-O (19. Qxg7 Kd6+ 20. Kf1 Nxh7 $17)) 15... Bd6 $1 $15 (15... Rh8 16. Qf5+ Kf7 17. Bg6+ Kf8 18. Qe6 $16) 16. f4 $2 (16. Bxd6 $17 {was worth a try.} Kxd6 17. Qg3+ Ke6 18. Bg6 (18. Qxg7 $2 {loses.} Re7 $19)) 16... Nf8 $1 $19 17. f5+ (17. Qxg7 N8xh7 (17... N6xh7 18. f5+ Kxf5 19. Rf1+) 18. f5+ Kxf5 19. Bxd6) 17... Kd7 18. Qxg7+ Re7 {Weighted Error Value: White=1.11/Black=0.27 (precise) .  Loses game:     	White=1     	Black=1      Missed win:     	White=1     	---        Mistake:       	White=1     	---        Inaccurate:     	White=3     	Black=2      OK:         	White=2     	---        Best:        	---       	Black=3      Strong:       	---       	Black=1} 0-1

[Event "45th FIDE Womens Olympiad 2024"]
[Site "Budapest"]
[Date "2024.09.15"]
[Round "5.121"]
[White "Castillo Beitia, Ashley Alexandra"]
[Black "Martynkova, Olena"]
[Result "1/2-1/2"]
[ECO "A48"]
[WhiteElo "2071"]
[BlackElo "2176"]
[Annotator "TA"]
[PlyCount "60"]
[EventDate "2024.09.05"]
[EventType "team-tourn"]
[EventCountry "HUN"]
[SourceTitle "playchess.com"]
[Source "ChessBase"]
[SourceQuality "1"]
[WhiteTeam "Panama"]
[BlackTeam "Lithuania"]
[WhiteTeamCountry "PAN"]
[BlackTeamCountry "LTU"]
[TimeControl "40/5400+30:1800+30"]

1. d4 Nf6 2. Bf4 g6 3. e3 Bg7 4. Nf3 O-O 5. h3 d6 6. Be2 Nc6 7. c4 (7. Nc3 $11) 7... Ne4 $15 {Black wants to play ...e5.} 8. Nc3 (8. Nbd2 $5 Nxd2 9. Qxd2 $11) 8... f5 9. Bh2 {The position is equal.} e5 10. O-O exd4 11. exd4 Ng5 12. Nb5 {aiming for Nxg5.} Nxf3+ 13. Bxf3 {[#]} a6 $1 14. Bxc6 bxc6 15. Nc3 Rb8 (15... f4 $17 {[%cal Of4f3] ...f3! is the strong threat.} 16. f3 Qf6) 16. Qd2 $11 Qf6 17. Rad1 f4 {[#] White must now prevent ...f3.} 18. f3 g5 19. Kh1 Bf5 20. Bg1 Rfe8 21. Rfe1 Qf7 22. b3 Bg6 23. Bf2 h6 24. Kg1 Rbd8 25. Qc1 Qf5 26. Qd2 Qc2 27. Qxc2 Bxc2 {A strong pair of Bishops.} 28. Rc1 Bf5 {Black is slightly better.} 29. Red1 Kf7 30. Kf1 Rb8 {Weighted Error Value: White=0.11 (very precise) /Black=0.06 (flawless) .  Mistake:       	---       	Black=1      Inaccurate:     	White=2     	---        OK:         	White=11    	Black=10     Strong:       	---       	Black=1} 1/2-1/2